[Event "Live Chess"]
[Site "Chess.com"]
[Date "2010.12.29"]
[Round "-"]
[White "hipposcottimus"]
[Black "Silverbllet"]
[Result "0-1"]
[CurrentPosition "r3k2r/ppp2pp1/1bn1Pn2/6N1/2B5/8/P4PPq/RN1Q1RK1 w kq -"]
[Timezone "UTC"]
[ECO "C51"]
[ECOUrl "https://www.chess.com/openings/Giuoco-Piano-Game-Evans-Accepted-McDonnell-Defense-6.O-O"]
[UTCDate "2010.12.29"]
[UTCTime "20:00:28"]
[WhiteElo "1407"]
[BlackElo "1444"]
[TimeControl "240+4"]
[Termination "Silverbllet won by checkmate"]
[StartTime "20:00:28"]
[EndDate "2010.12.29"]
[EndTime "20:03:36"]
[Link "https://www.chess.com/game/live/82281137"]

1. e4 e5 2. Nf3 Nc6 3. Bc4 Bc5 4. b4 Bxb4 5. c3 Bc5 6. O-O Nf6 7. d4 exd4 8. cxd4 Bb6 9. Bg5 h6 10. e5 hxg5 11. Nxg5 d5 12. exd6 Be6 13. d5 Qxd6 14. dxe6 Qxh2# 0-1

[Event "Live Chess"]
[Site "Chess.com"]
[Date "2010.12.29"]
[Round "-"]
[White "cataphractus"]
[Black "hipposcottimus"]
[Result "1-0"]
[CurrentPosition "r1b1r1k1/pp3Qpp/2p5/8/3P2nq/1BP5/P1P2PPP/R4RK1 b - -"]
[Timezone "UTC"]
[ECO "C55"]
[ECOUrl "https://www.chess.com/openings/Italian-Game-Two-Knights-Modern-Bishops-Opening-4...d5-5.exd5-Nxd5"]
[UTCDate "2010.12.29"]
[UTCTime "19:56:22"]
[WhiteElo "1481"]
[BlackElo "1415"]
[TimeControl "600"]
[Termination "cataphractus won by resignation"]
[StartTime "19:56:22"]
[EndDate "2010.12.29"]
[EndTime "19:59:36"]
[Link "https://www.chess.com/game/live/82279810"]

1. e4 e5 2. Nf3 Nc6 3. Bc4 Nf6 4. d3 d5 5. exd5 Nxd5 6. Nc3 Bb4 7. Bd2 Bxc3 8. Bxc3 O-O 9. Nxe5 Nxc3 10. bxc3 Nxe5 11. Bb3 Re8 12. O-O c6 13. d4 Ng4 14. Qf3 Qh4 15. Qxf7+ 1-0

[Event "Live Chess"]
[Site "Chess.com"]
[Date "2010.12.29"]
[Round "-"]
[White "cottonfever"]
[Black "hipposcottimus"]
[Result "1-0"]
[CurrentPosition "r4rk1/3nqppp/p3b3/1p1B4/3p4/N2P1Q1P/PPP2PP1/R3R1K1 b - -"]
[Timezone "UTC"]
[ECO "C61"]
[ECOUrl "https://www.chess.com/openings/Ruy-Lopez-Opening-Birds-Defense-4.Nxd4-exd4-5.d3"]
[UTCDate "2010.12.29"]
[UTCTime "19:48:39"]
[WhiteElo "1351"]
[BlackElo "1422"]
[TimeControl "300+3"]
[Termination "cottonfever won by resignation"]
[StartTime "19:48:39"]
[EndDate "2010.12.29"]
[EndTime "19:53:51"]
[Link "https://www.chess.com/game/live/82277502"]

1. e4 e5 2. Nf3 Nc6 3. Bb5 Nd4 4. Nxd4 exd4 5. d3 c6 6. Ba4 b5 7. Bb3 d5 8. exd5 cxd5 9. Qf3 Be6 10. O-O Be7 11. Na3 a6 12. Re1 Nf6 13. Bg5 O-O 14. h3 Nd7 15. Bxe7 Qxe7 16. Bxd5 1-0

[Event "Live Chess"]
[Site "Chess.com"]
[Date "2010.12.29"]
[Round "-"]
[White "hipposcottimus"]
[Black "mosadh"]
[Result "1-0"]
[CurrentPosition "rnb1rBk1/p2p1pQp/2p1pPp1/7q/3P4/P4N2/2p2PPP/R4RK1 b - -"]
[Timezone "UTC"]
[ECO "C00"]
[ECOUrl "https://www.chess.com/openings/French-Defense-Normal-Variation"]
[UTCDate "2010.12.29"]
[UTCTime "19:36:48"]
[WhiteElo "1431"]
[BlackElo "1114"]
[TimeControl "480+4"]
[Termination "hipposcottimus won by checkmate"]
[StartTime "19:36:48"]
[EndDate "2010.12.29"]
[EndTime "19:46:59"]
[Link "https://www.chess.com/game/live/82274386"]

1. e4 e6 2. d4 Qh4 3. Nc3 g6 4. Nf3 Qf6 5. e5 Qe7 6. Bb5 Qb4 7. a3 Qa5 8. Bd2 Nh6 9. O-O Bg7 10. b3 O-O 11. Ba4 c6 12. Ne4 Qd5 13. Nf6+ Bxf6 14. exf6 b5 15. Bxh6 Re8 16. Qd2 bxa4 17. Bg7 axb3 18. Qh6 bxc2 19. Bf8 Qh5 20. Qg7# 1-0

[Event "Live Chess"]
[Site "Chess.com"]
[Date "2010.12.29"]
[Round "-"]
[White "goshowmen"]
[Black "hipposcottimus"]
[Result "1-0"]
[CurrentPosition "5rk1/p1Q2qpp/R3p3/2p5/5B2/1P2P3/5PPP/3R2K1 b - -"]
[Timezone "UTC"]
[ECO "D15"]
[ECOUrl "https://www.chess.com/openings/Slav-Defense-Modern-Three-Knights-Variation"]
[UTCDate "2010.12.29"]
[UTCTime "19:26:19"]
[WhiteElo "1431"]
[BlackElo "1429"]
[TimeControl "120+12"]
[Termination "goshowmen won by resignation"]
[StartTime "19:26:19"]
[EndDate "2010.12.29"]
[EndTime "19:32:59"]
[Link "https://www.chess.com/game/live/82271406"]

1. d4 d5 2. c4 c6 3. Nf3 Nf6 4. Nc3 Nbd7 5. Bg5 e6 6. e3 Bb4 7. Qc2 Bxc3+ 8. Qxc3 O-O 9. Bd3 Qc7 10. Ne5 Nxe5 11. dxe5 Ne4 12. Bxe4 dxe4 13. O-O c5 14. Bf4 Qd7 15. Qc2 f6 16. Qxe4 fxe5 17. Qxe5 b6 18. Rad1 Qf7 19. Rd2 Ba6 20. b3 Rac8 21. Rfd1 b5 22. Rd6 bxc4 23. Rxa6 cxb3 24. axb3 Rc7 25. Qxc7 1-0

[Event "Live Chess"]
[Site "Chess.com"]
[Date "2010.12.29"]
[Round "-"]
[White "tonisasongko"]
[Black "hipposcottimus"]
[Result "0-1"]
[CurrentPosition "4r1k1/pp4pp/5pb1/6n1/2P3PK/P2q3P/3r4/1R6 w - -"]
[Timezone "UTC"]
[ECO "D00"]
[ECOUrl "https://www.chess.com/openings/Queens-Pawn-Opening-1...d5"]
[UTCDate "2010.12.29"]
[UTCTime "18:58:20"]
[WhiteElo "1352"]
[BlackElo "1437"]
[TimeControl "600"]
[Termination "hipposcottimus won on time"]
[StartTime "18:58:20"]
[EndDate "2010.12.29"]
[EndTime "19:17:03"]
[Link "https://www.chess.com/game/live/82263167"]

1. d4 d5 2. h3 c5 3. c4 cxd4 4. Qxd4 Nf6 5. Nf3 Nc6 6. Qd1 e5 7. Bg5 d4 8. e3 Bc5 9. Qa4 O-O 10. Bd3 dxe3 11. Qc2 exf2+ 12. Kf1 Qe7 13. a3 e4 14. Bxf6 exd3 15. Qxd3 Qxf6 16. Nbd2 Bf5 17. Qd5 Qxb2 18. Rd1 Qc2 19. Rb1 Be3 20. g4 Bg6 21. Kg2 Bxd2 22. Nxd2 Rfe8 23. Kxf2 Rad8 24. Qg5 Rxd2+ 25. Kg3 Qd3+ 26. Kh4 Ne5 27. Rhe1 Nf3+ 28. Kg3 Nxe1+ 29. Kh4 Nf3+ 30. Kg3 Nxg5+ 31. Kh4 f6 0-1

[Event "Live Chess"]
[Site "Chess.com"]
[Date "2010.12.29"]
[Round "-"]
[White "RJFWC"]
[Black "hipposcottimus"]
[Result "0-1"]
[CurrentPosition "3r1rk1/p4ppp/6b1/1pP5/P2nN3/1N4PP/5PB1/R5K1 w - -"]
[Timezone "UTC"]
[ECO "C20"]
[ECOUrl "https://www.chess.com/openings/Kings-Pawn-Opening-1...e5"]
[UTCDate "2010.12.29"]
[UTCTime "00:14:53"]
[WhiteElo "1325"]
[BlackElo "1429"]
[TimeControl "240+4"]
[Termination "hipposcottimus won on time"]
[StartTime "00:14:53"]
[EndDate "2010.12.29"]
[EndTime "00:20:56"]
[Link "https://www.chess.com/game/live/82014236"]

1. e4 e5 2. g3 Nf6 3. d3 c6 4. Bg2 d5 5. Bg5 Be7 6. exd5 cxd5 7. Nf3 Nc6 8. O-O Bg4 9. h3 Bh5 10. c4 e4 11. dxe4 dxe4 12. Qxd8+ Rxd8 13. Nfd2 Bg6 14. Bxf6 Bxf6 15. Nxe4 Bxb2 16. Nbd2 Bxa1 17. Rxa1 O-O 18. Nb3 b6 19. c5 b5 20. a4 Nd4 0-1

[Event "Live Chess"]
[Site "Chess.com"]
[Date "2010.12.28"]
[Round "-"]
[White "hipposcottimus"]
[Black "moderno"]
[Result "1-0"]
[CurrentPosition "8/7k/5K2/6Q1/8/8/8/8 b - -"]
[Timezone "UTC"]
[ECO "B06"]
[ECOUrl "https://www.chess.com/openings/Modern-Defense-with-1-e4-2.d4-Bg7"]
[UTCDate "2010.12.28"]
[UTCTime "23:55:19"]
[WhiteElo "1423"]
[BlackElo "1583"]
[TimeControl "600"]
[Termination "hipposcottimus won by resignation"]
[StartTime "23:55:19"]
[EndDate "2010.12.29"]
[EndTime "00:10:33"]
[Link "https://www.chess.com/game/live/82009893"]

1. e4 g6 2. d4 Bg7 3. e5 d6 4. f4 dxe5 5. fxe5 c5 6. c3 cxd4 7. cxd4 Nc6 8. Nf3 Bg4 9. Bb5 a6 10. Bxc6+ bxc6 11. Be3 c5 12. Qd3 Bxf3 13. gxf3 cxd4 14. Bxd4 e6 15. Nd2 Ne7 16. Nb3 O-O 17. O-O-O Qc8+ 18. Kb1 Rd8 19. Qe4 Nf5 20. Bb6 Rxd1+ 21. Rxd1 Qb8 22. Rd8+ Qxd8 23. Bxd8 Rxd8 24. Nc5 Rd5 25. Nxa6 Rxe5 26. Qa8+ Bf8 27. f4 Re1+ 28. Kc2 Nd4+ 29. Kd2 Ra1 30. Nc5 Rb1 31. Nd7 Rxb2+ 32. Kc3 Rc2+ 33. Kxd4 Rd2+ 34. Kc3 Rxd7 35. a4 Kg7 36. a5 Rc7+ 37. Kb3 Bc5 38. a6 Ra7 39. Qc6 Bd4 40. Kc4 Bg1 41. Kb5 Bxh2 42. Qd6 Bg1 43. Qa3 h5 44. Kc4 h4 45. Qa1+ f6 46. Qxg1 Rc7+ 47. Kb5 Rc8 48. a7 Kh6 49. Ka6 g5 50. fxg5+ fxg5 51. Kb7 Rf8 52. Qg4 Rf7+ 53. Kb8 Rf8+ 54. Kc7 Rf7+ 55. Kb6 Rxa7 56. Qxe6+ Kh5 57. Kxa7 h3 58. Qxh3+ Kg6 59. Qg4 Kh6 60. Kb6 Kg6 61. Kc6 Kf6 62. Kd6 Kg6 63. Ke6 Kh6 64. Kf6 Kh7 65. Qxg5 1-0

[Event "Live Chess"]
[Site "Chess.com"]
[Date "2010.12.28"]
[Round "-"]
[White "hipposcottimus"]
[Black "DivelTransFontaine"]
[Result "0-1"]
[CurrentPosition "r3qrk1/ppp2ppp/8/P3p1B1/1Pb1P1n1/1QP5/3N2PP/4R2K w - -"]
[Timezone "UTC"]
[ECO "C50"]
[ECOUrl "https://www.chess.com/openings/Giuoco-Piano-Game-4.O-O-Nf6"]
[UTCDate "2010.12.28"]
[UTCTime "22:54:06"]
[WhiteElo "1410"]
[BlackElo "1517"]
[TimeControl "300"]
[Termination "DivelTransFontaine won by resignation"]
[StartTime "22:54:06"]
[EndDate "2010.12.28"]
[EndTime "22:57:17"]
[Link "https://www.chess.com/game/live/81995295"]

1. e4 e5 2. Nf3 Nc6 3. Bc4 Bc5 4. O-O Nf6 5. b4 Bd4 6. c3 Bb6 7. Re1 d6 8. d3 O-O 9. Bg5 Nb8 10. d4 Nbd7 11. dxe5 dxe5 12. a4 Qe8 13. Qb3 Ng4 14. Nbd2 Bxf2+ 15. Kh1 Bxe1 16. Rxe1 Nb6 17. a5 Nxc4 18. Nxc4 Be6 19. Nfd2 Bxc4 0-1

[Event "Live Chess"]
[Site "Chess.com"]
[Date "2010.12.28"]
[Round "-"]
[White "hipposcottimus"]
[Black "Wassmann"]
[Result "1-0"]
[CurrentPosition "8/8/1R6/p5k1/1p2K3/8/8/8 b - -"]
[Timezone "UTC"]
[ECO "B20"]
[ECOUrl "https://www.chess.com/openings/Sicilian-Defense"]
[UTCDate "2010.12.28"]
[UTCTime "21:53:54"]
[WhiteElo "1416"]
[BlackElo "1464"]
[TimeControl "300+7"]
[Termination "hipposcottimus won by resignation"]
[StartTime "21:53:54"]
[EndDate "2010.12.28"]
[EndTime "22:11:57"]
[Link "https://www.chess.com/game/live/81979285"]

1. e4 c5 2. Bb5 a6 3. Be2 Nc6 4. Nf3 d6 5. d4 cxd4 6. Nxd4 Nf6 7. f3 e6 8. Nc3 Be7 9. O-O O-O 10. a3 Nd7 11. Qd3 Nde5 12. Qe3 f5 13. f4 Ng4 14. Bxg4 fxg4 15. Qg3 e5 16. f5 exd4 17. Nd5 Ne5 18. c3 dxc3 19. bxc3 Bh4 20. Qf4 Bg5 21. Qxg5 Qxg5 22. Bxg5 h6 23. Be7 Re8 24. Bxd6 Nc4 25. Rf4 Nxd6 26. Nc7 Rxe4 27. Rxe4 Nxe4 28. Nxa8 Bxf5 29. c4 Nc5 30. Rd1 Bd3 31. Nb6 Kf7 32. Kf2 Ke6 33. a4 Kd6 34. a5 Ke5 35. Ke3 g5 36. Rd2 h5 37. Rd1 h4 38. g3 hxg3 39. hxg3 Be4 40. Rd4 Bc6 41. Rxg4 Kf5 42. Rd4 Nb3 43. g4+ Ke5 44. Rd3 Nxa5 45. Nd7+ Bxd7 46. Rxd7 Nxc4+ 47. Kd3 Na5 48. Rf7 Ke6 49. Rf5 Nc6 50. Rxg5 b5 51. Ke4 Kf6 52. Rf5+ Kg6 53. g5 b4 54. Rf6+ Kxg5 55. Rxc6 a5 56. Rb6 1-0

[Event "Live Chess"]
[Site "Chess.com"]
[Date "2010.12.28"]
[Round "-"]
[White "amritln"]
[Black "hipposcottimus"]
[Result "0-1"]
[CurrentPosition "r7/7Q/pp3kn1/2p1br1P/P1P3Kq/5P2/1P4P1/8 w - -"]
[Timezone "UTC"]
[ECO "C57"]
[ECOUrl "https://www.chess.com/openings/Italian-Game-Knight-Attack-Polerio-Defense"]
[UTCDate "2010.12.28"]
[UTCTime "21:19:39"]
[WhiteElo "1157"]
[BlackElo "1405"]
[TimeControl "180+5"]
[Termination "hipposcottimus won by checkmate"]
[StartTime "21:19:39"]
[EndDate "2010.12.28"]
[EndTime "21:30:24"]
[Link "https://www.chess.com/game/live/81970091"]

1. e4 e5 2. Nf3 Nc6 3. Bc4 Nf6 4. Ng5 d5 5. exd5 Na5 6. Bb3 Nxb3 7. axb3 Nxd5 8. d4 Be7 9. Ne4 f6 10. c4 Bb4+ 11. Nbc3 Ne7 12. O-O O-O 13. Ne2 exd4 14. Nxd4 f5 15. Ng3 b6 16. Ra4 f4 17. Nh5 c5 18. Bxf4 Bd7 19. Nb5 a6 20. Nd6 Bxa4 21. Nxg7 Kxg7 22. Qg4+ Ng6 23. bxa4 Rxf4 24. Nf5+ Kf6 25. Qh3 Rxf5 26. Qxh7 Qd3 27. Re1 Bxe1 28. f3 Qe3+ 29. Kh1 Qf2 30. h4 Qf1+ 31. Kh2 Bg3+ 32. Kh3 Be5 33. h5 Qh1+ 34. Kg4 Qh4# 0-1

[Event "Live Chess"]
[Site "Chess.com"]
[Date "2010.12.28"]
[Round "-"]
[White "hipposcottimus"]
[Black "Escac_al_cuc"]
[Result "1-0"]
[CurrentPosition "2r2rk1/2P1bppp/2b2n2/BB3P2/P3pR2/1P6/6PP/3Q2K1 w - -"]
[Timezone "UTC"]
[ECO "B20"]
[ECOUrl "https://www.chess.com/openings/Sicilian-Defense-Staunton-Cochrane-Variation-2...Nc6"]
[UTCDate "2010.12.28"]
[UTCTime "21:03:18"]
[WhiteElo "1402"]
[BlackElo "1355"]
[TimeControl "300"]
[Termination "hipposcottimus won by resignation"]
[StartTime "21:03:18"]
[EndDate "2010.12.28"]
[EndTime "21:09:03"]
[Link "https://www.chess.com/game/live/81965685"]

1. e4 c5 2. c4 Nc6 3. d3 d6 4. Nc3 Bd7 5. Nf3 e6 6. Be2 a6 7. a4 Be7 8. O-O Nf6 9. d4 cxd4 10. Nxd4 Qc7 11. Be3 Ne5 12. b3 O-O 13. f4 Ng6 14. Bd3 b5 15. cxb5 Qxc3 16. b6 e5 17. Ne2 Qc6 18. f5 Nf4 19. Nxf4 exf4 20. Rxf4 a5 21. Rc1 Qb7 22. Rc7 Qxc7 23. bxc7 Rac8 24. Bb6 Bc6 25. Bxa5 d5 26. Bb5 dxe4 1-0

[Event "Live Chess"]
[Site "Chess.com"]
[Date "2010.12.28"]
[Round "-"]
[White "mmm1988"]
[Black "hipposcottimus"]
[Result "1-0"]
[CurrentPosition "r4r1k/pp4p1/7p/3p3R/8/P1Pb2PN/1P4BP/R5K1 b - -"]
[Timezone "UTC"]
[ECO "A07"]
[ECOUrl "https://www.chess.com/openings/Kings-Indian-Attack-2...Nc6-3.Bg2-e5-4.O-O"]
[UTCDate "2010.12.28"]
[UTCTime "20:43:05"]
[WhiteElo "1292"]
[BlackElo "1395"]
[TimeControl "240+2"]
[Termination "mmm1988 won on time"]
[StartTime "20:43:05"]
[EndDate "2010.12.28"]
[EndTime "20:46:55"]
[Link "https://www.chess.com/game/live/81958633"]

1. Nf3 d5 2. g3 Nc6 3. Bg2 e5 4. O-O f5 5. d3 Nf6 6. Bg5 Qd6 7. c3 Be7 8. Nbd2 O-O 9. Re1 Nh5 10. Bxe7 Nxe7 11. a3 Ng6 12. Qb3 f4 13. e4 fxg3 14. fxg3 Kh8 15. exd5 c6 16. Ne4 Qxd5 17. Qxd5 cxd5 18. Neg5 h6 19. Nh3 Bf5 20. Nxe5 Nxe5 21. Rxe5 Bxd3 22. Rxh5 1-0

[Event "Live Chess"]
[Site "Chess.com"]
[Date "2010.12.28"]
[Round "-"]
[White "hipposcottimus"]
[Black "caslav"]
[Result "1-0"]
[CurrentPosition "r1b1k2r/pp1pbp2/2n4p/2p2p2/5N2/P4B2/1PP2PPP/R2QR1K1 b kq -"]
[Timezone "UTC"]
[ECO "C40"]
[ECOUrl "https://www.chess.com/openings/Kings-Pawn-Opening-Kings-Knight-Variation"]
[UTCDate "2010.12.28"]
[UTCTime "20:01:27"]
[WhiteElo "1413"]
[BlackElo "1364"]
[TimeControl "600"]
[Termination "hipposcottimus won by resignation"]
[StartTime "20:01:27"]
[EndDate "2010.12.28"]
[EndTime "20:04:05"]
[Link "https://www.chess.com/game/live/81947864"]

1. e4 e5 2. Nf3 h6 3. d4 exd4 4. Nxd4 Qe7 5. Nc3 Qb4 6. a3 Qe7 7. Be2 c5 8. Nf5 Qe6 9. O-O Nf6 10. Bf3 g6 11. e5 gxf5 12. exf6 Qxf6 13. Be3 Nc6 14. Nd5 Qd6 15. Re1 Be7 16. Bf4 Qxf4 17. Nxf4 1-0

[Event "Live Chess"]
[Site "Chess.com"]
[Date "2010.12.28"]
[Round "-"]
[White "lupa731"]
[Black "hipposcottimus"]
[Result "1-0"]
[CurrentPosition "r4r1k/ppp3pp/2n2q2/3Q2p1/2P5/P4B1P/1PP2PP1/R3R1K1 b - -"]
[Timezone "UTC"]
[ECO "C42"]
[ECOUrl "https://www.chess.com/openings/Petrovs-Defense-Three-Knights-Game"]
[UTCDate "2010.12.28"]
[UTCTime "19:44:15"]
[WhiteElo "1280"]
[BlackElo "1406"]
[TimeControl "360"]
[Termination "lupa731 won on time"]
[StartTime "19:44:15"]
[EndDate "2010.12.28"]
[EndTime "19:47:35"]
[Link "https://www.chess.com/game/live/81941256"]

1. e4 e5 2. Nc3 Nf6 3. Nf3 Bb4 4. a3 Bxc3 5. dxc3 Nxe4 6. Qe2 d5 7. Nxe5 f6 8. Nf3 Bg4 9. h3 Bxf3 10. Qxf3 Qe7 11. Be2 Nc6 12. O-O O-O 13. c4 Ng5 14. Qxd5+ Kh8 15. Bxg5 fxg5 16. Rfe1 Qf6 17. Bf3 1-0

[Event "Live Chess"]
[Site "Chess.com"]
[Date "2010.12.28"]
[Round "-"]
[White "hipposcottimus"]
[Black "lupa731"]
[Result "0-1"]
[CurrentPosition "r4r2/kp4Q1/5P1p/7B/8/8/6PP/5q1K w - -"]
[Timezone "UTC"]
[ECO "C55"]
[ECOUrl "https://www.chess.com/openings/Italian-Game-Anti-Fried-Liver-Defense"]
[UTCDate "2010.12.28"]
[UTCTime "19:30:01"]
[WhiteElo "1416"]
[BlackElo "1268"]
[TimeControl "360"]
[Termination "lupa731 won by checkmate"]
[StartTime "19:30:01"]
[EndDate "2010.12.28"]
[EndTime "19:38:48"]
[Link "https://www.chess.com/game/live/81938381"]

1. e4 e5 2. Nf3 Nc6 3. Bc4 h6 4. d4 exd4 5. Nxd4 Nxd4 6. Qxd4 Qe7 7. Bd2 Nf6 8. Nc3 a6 9. a4 d6 10. Nd5 Nxd5 11. Qxd5 c6 12. Qd4 Bg4 13. O-O Be6 14. Bd3 c5 15. Qe3 Qf6 16. Bc3 Qg5 17. f4 Qd8 18. f5 Bd7 19. e5 dxe5 20. Qxe5+ Be7 21. Qxg7 Rf8 22. f6 Bd6 23. Rae1+ Be6 24. Bc4 Kd7 25. Bxe6+ Kc6 26. Bxf7 Kb6 27. Be5 Bxe5 28. Rxe5 Qd4+ 29. Kh1 Qxe5 30. c3 Ka7 31. b4 cxb4 32. cxb4 Qd4 33. b5 Qxa4 34. bxa6 Qxa6 35. Bh5 Qxf1# 0-1

[Event "Live Chess"]
[Site "Chess.com"]
[Date "2010.12.28"]
[Round "-"]
[White "lupa731"]
[Black "hipposcottimus"]
[Result "1-0"]
[CurrentPosition "8/5R2/p1p3p1/1p1p2k1/6B1/2P4P/PP4PK/5R2 b - -"]
[Timezone "UTC"]
[ECO "D02"]
[ECOUrl "https://www.chess.com/openings/Queens-Pawn-Opening-Zukertort-Chigorin-Variation"]
[UTCDate "2010.12.28"]
[UTCTime "19:18:07"]
[WhiteElo "1255"]
[BlackElo "1427"]
[TimeControl "360"]
[Termination "lupa731 won on time"]
[StartTime "19:18:07"]
[EndDate "2010.12.28"]
[EndTime "19:29:20"]
[Link "https://www.chess.com/game/live/81934757"]

1. d4 d5 2. Nf3 Nc6 3. h3 f5 4. Nc3 e6 5. Bf4 Be7 6. Nb5 e5 7. dxe5 Be6 8. e3 Bg5 9. Bxg5 Nge7 10. Bd3 O-O 11. O-O a6 12. Nbd4 Qd7 13. c3 Ng6 14. Nxe6 Qxe6 15. Qb3 Ncxe5 16. Nxe5 Nxe5 17. Rfd1 b5 18. Bf4 c6 19. Bxe5 Qxe5 20. f4 Qxe3+ 21. Kh2 Qxf4+ 22. Kg1 Rf6 23. Rf1 Qe3+ 24. Kh2 Rg6 25. Rf3 Qd2 26. Rg1 Rf8 27. Bxf5 Rg5 28. Bg4 h5 29. Be6+ Kh7 30. Rxf8 g6 31. Rf7+ Kh6 32. Qd1 Qe3 33. Qe1 Qg3+ 34. Qxg3 h4 35. Qxh4+ Rh5 36. Qxh5+ Kxh5 37. Bg4+ Kg5 38. Rgf1 1-0

[Event "Live Chess"]
[Site "Chess.com"]
[Date "2010.12.28"]
[Round "-"]
[White "hajro65"]
[Black "hipposcottimus"]
[Result "1-0"]
[CurrentPosition "8/pp4pk/2p3b1/4Q3/3P1q1p/2P2N2/PP3KP1/8 w - -"]
[Timezone "UTC"]
[ECO "C61"]
[ECOUrl "https://www.chess.com/openings/Ruy-Lopez-Opening-Birds-Defense"]
[UTCDate "2010.12.28"]
[UTCTime "18:36:39"]
[WhiteElo "1505"]
[BlackElo "1438"]
[TimeControl "600"]
[Termination "hajro65 won by resignation"]
[StartTime "18:36:39"]
[EndDate "2010.12.28"]
[EndTime "18:55:08"]
[Link "https://www.chess.com/game/live/81922533"]

1. e4 e5 2. Nf3 Nc6 3. Bb5 Nd4 4. Be2 d5 5. Nxe5 dxe4 6. O-O Bd6 7. Nc4 Nf6 8. c3 Ne6 9. d4 c6 10. Ne3 Bc7 11. f3 O-O 12. fxe4 Nxe4 13. Bf3 N6g5 14. Bxe4 Nxe4 15. Nd2 Bxh2+ 16. Kxh2 Qh4+ 17. Kg1 Ng3 18. Rf3 f5 19. Nef1 Qh1+ 20. Kf2 f4 21. Qb3+ Kh8 22. Nxg3 fxg3+ 23. Kxg3 Rxf3+ 24. Nxf3 Bf5 25. Qf7 Bg6 26. Qf4 Kg8 27. Qh4 Qd1 28. Qh2 Qd3 29. Qg1 Re8 30. Bf4 h5 31. Re1 Qf5 32. Rxe8+ Bxe8 33. Kf2 Qxf4 34. Qe1 Bg6 35. Qe6+ Kh7 36. Qe5 h4 1-0

[Event "Live Chess"]
[Site "Chess.com"]
[Date "2010.12.28"]
[Round "-"]
[White "hipposcottimus"]
[Black "moskva-moskva"]
[Result "1-0"]
[CurrentPosition "3r2k1/p1qp4/1p3BP1/5nN1/8/7Q/PP2nP1P/3R1K2 b - -"]
[Timezone "UTC"]
[ECO "C00"]
[ECOUrl "https://www.chess.com/openings/French-Defense-Knight-Variation"]
[UTCDate "2010.12.28"]
[UTCTime "09:53:33"]
[WhiteElo "1445"]
[BlackElo "1297"]
[TimeControl "120+12"]
[Termination "hipposcottimus won by resignation"]
[StartTime "09:53:33"]
[EndDate "2010.12.28"]
[EndTime "10:00:36"]
[Link "https://www.chess.com/game/live/81790662"]

1. e4 e6 2. Nf3 c6 3. e5 Ne7 4. c4 Ng6 5. d4 Qa5+ 6. Nc3 Bb4 7. Bd2 O-O 8. Be2 Bxc3 9. Bxc3 Qc7 10. O-O b6 11. d5 exd5 12. cxd5 Ba6 13. Re1 Bxe2 14. Rxe2 cxd5 15. Qxd5 Nc6 16. Rd1 Rad8 17. Ng5 Nge7 18. Qf3 g6 19. Qh3 h5 20. g4 f6 21. exf6 Nf5 22. gxh5 Ncd4 23. hxg6 Nxe2+ 24. Kf1 Rxf6 25. Bxf6 1-0

[Event "Live Chess"]
[Site "Chess.com"]
[Date "2010.12.28"]
[Round "-"]
[White "SilverPanic"]
[Black "hipposcottimus"]
[Result "1-0"]
[CurrentPosition "4rk2/5RRp/8/pp6/1r6/1P3P2/P4KPP/8 b - -"]
[Timezone "UTC"]
[ECO "D10"]
[ECOUrl "https://www.chess.com/openings/Slav-Defense-3.Nc3"]
[UTCDate "2010.12.28"]
[UTCTime "04:36:47"]
[WhiteElo "1460"]
[BlackElo "1434"]
[TimeControl "300+2"]
[Termination "SilverPanic won by checkmate"]
[StartTime "04:36:47"]
[EndDate "2010.12.28"]
[EndTime "04:47:07"]
[Link "https://www.chess.com/game/live/81727339"]

1. d4 d5 2. c4 c6 3. Nc3 Nd7 4. cxd5 cxd5 5. Nxd5 e6 6. Nc3 Ngf6 7. e4 Bb4 8. Bd3 O-O 9. e5 Nd5 10. Bd2 Bxc3 11. Bxc3 f6 12. Nf3 Nf4 13. O-O fxe5 14. dxe5 Qe8 15. Bc4 Qh5 16. Bd2 Nxe5 17. Nxe5 Qxe5 18. Re1 Qf5 19. Qf3 Bd7 20. Bxf4 Qxf4 21. Qxf4 Rxf4 22. Bxe6+ Bxe6 23. Rxe6 Raf8 24. f3 b6 25. Re7 a5 26. Rb7 Rb4 27. b3 b5 28. Rc1 Re8 29. Rcc7 Re1+ 30. Kf2 Re8 31. Rxg7+ Kf8 32. Rbf7# 1-0

[Event "Live Chess"]
[Site "Chess.com"]
[Date "2010.12.28"]
[Round "-"]
[White "hipposcottimus"]
[Black "nrgkid"]
[Result "0-1"]
[CurrentPosition "1k1r4/8/2p5/8/pP6/1q6/2Kp4/3R4 w - -"]
[Timezone "UTC"]
[ECO "B00"]
[ECOUrl "https://www.chess.com/openings/Kings-Pawn-Opening-Ware-Defense-2.d4"]
[UTCDate "2010.12.28"]
[UTCTime "04:17:49"]
[WhiteElo "1442"]
[BlackElo "1171"]
[TimeControl "420"]
[Termination "nrgkid won by checkmate"]
[StartTime "04:17:49"]
[EndDate "2010.12.28"]
[EndTime "04:32:12"]
[Link "https://www.chess.com/game/live/81723335"]

1. e4 a5 2. d4 a4 3. a3 g6 4. b3 Bg7 5. Nd2 c5 6. Bb2 cxd4 7. Ndf3 Qa5+ 8. b4 Qb6 9. Nxd4 Nc6 10. Ngf3 d6 11. Bb5 Bg4 12. Qd3 e5 13. Nxc6 bxc6 14. Bc4 Bxf3 15. Qxf3 f6 16. O-O Ne7 17. Be6 f5 18. Rfe1 Rf8 19. Rad1 fxe4 20. Qxe4 Qxf2+ 21. Kh1 d5 22. Qg4 Nf5 23. Rf1 Qxc2 24. Bc1 d4 25. Bxf5 Rxf5 26. Qh3 Rxf1+ 27. Rxf1 h6 28. Qe6+ Kd8 29. Qxg6 Qe2 30. Rg1 Bf8 31. Bxh6 Bxh6 32. Qxh6 Rc8 33. Qd6+ Ke8 34. h3 d3 35. Kh2 d2 36. Qg6+ Kd8 37. Qg8+ Kd7 38. Qf7+ Kd8 39. Qf6+ Kc7 40. Qf7+ Kb8 41. Qd7 e4 42. h4 e3 43. Kh3 Qe1 44. Kh2 Qxh4+ 45. Qh3 Qxh3+ 46. gxh3 e2 47. h4 e1=Q 48. h5 Qh4+ 49. Kg2 Qxh5 50. Kf2 Rf8+ 51. Ke3 Qh6+ 52. Kd3 Rd8+ 53. Kc2 Qh2 54. Rd1 Qh3 55. Kb2 Qh8+ 56. Kc2 Qh7+ 57. Kb2 Qg7+ 58. Ka2 Qf7+ 59. Kb1 Qb3+ 60. Ka1 Qc3+ 61. Kb1 Qxa3 62. Kc2 Qb3# 0-1